 Dungeon Crawl Stone Soup version 0.29-a0-757-g358383bc75 (webtiles) character file.

Game seed: 12013299885959136545

49 crusatyr the Cudgeller (level 3, 0/29 HPs)
             Began as a Demonspawn Monk on July 1, 2022.
             Slain by a hobgoblin (3 damage)
             ... on level 2 of the Dungeon.
             The game lasted 00:03:25 (1634 turns).

crusatyr the Cudgeller (Demonspawn Monk)            Turns: 1634, Time: 00:03:25

Health: 0/29       AC:  2    Str: 13    XL:     3   Next: 53%
Magic:  3/3        EV: 12    Int: 11    God:
Gold:   44         SH:  0    Dex: 15    Spells: 2/2 levels left

rFire   . . .      SeeInvis .   n - +0 dagger
rCold   . . .      Faith    .   (no shield)
rNeg    . . .      Spirit   .   b - +0 robe
rPois   .          Reflect  .   (no helmet)
rElec   .          Harm     .   (no cloak)
rCorr   .          Rampage  .   (no gloves)
Will    .....                   (no boots)
Stlth   ++........              (no amulet)
HPRegen 0.09/turn               (no ring)
MPRegen 0.08/turn               (no ring)

@: no status effects
A: hooves 1, demonic magic 1
a: no special abilities


You were on level 2 of the Dungeon.
You visited 1 branch of the dungeon, and saw 2 of its levels.

You collected 44 gold pieces.

Inventory:

Hand Weapons
 a - a +0 mace
 k - a +0 whip
 n - a +0 dagger (weapon)
Armour
 b - a +0 robe (worn)
 j - a +0 ring mail
Magical Staves
 e - a staff of air
Jewellery
 p - a ring of poison resistance
Scrolls
 d - a scroll of fog {unknown}
 f - 2 scrolls of identify {unknown}
 h - a scroll of blinking {unknown}
 i - a scroll of immolation {unknown}
 m - 3 scrolls of teleportation {unknown}
 o - a scroll of enchant armour {unknown}
Potions
 c - a potion of ambrosia
 g - a potion of curing {unknown}
 l - a potion of haste {unknown}
 q - a potion of heal wounds {unknown}


   Skills:
 - Level 3.0 Fighting
 * Level 1.5 Short Blades
 - Level 3.7 Maces & Flails
 - Level 2.6 Dodging
 - Level 1.7 Stealth


You had 2 spell levels left.
You didn't know any spells.
Your spell library contained the following spells:

 Spells                   Type           Power      Damage    Failure   Level
 Beastly Appendage        Tmut           0%         N/A       34%         1
 Magic Dart               Conj           0%         1d3       34%         1
 Necrotize                Necr           0%         1d4       34%         1
 Searing Ray              Conj           0%         2d4       47%         2
 Wereblood                Tmut           0%         N/A       47%         2
 Spider Form              Tmut/Pois      0%         N/A       71%         3
 Vampiric Draining        Necr           0%         2d6       71%         3
 Fulminant Prism          Conj/Hex       0%         3d6       98%         4
 Iskenderun's Mystic Bla  Conj/Tloc      0%         2d3       98%         4
 Agony                    Necr           0%         N/A       100%        5
 Lee's Rapid Deconstruct  Erth           0%         3d5*      100%        5


Dungeon Overview and Level Annotations

Branches:
Dungeon (2/15)

Altars:

Shops:
D:1 (

Annotations:
D:2 Robin


Innate Abilities, Weirdness & Mutations

You have large cloven feet.
Spells you cast may paralyse adjacent enemies.


Message History

The goblin goes into a battle-frenzy!
You closely miss the goblin. You kick the goblin.
You kill the goblin!
The goblin hits you with a +0 club. The goblin attacks as you move away!
The goblin closely misses you.
The goblin no longer looks unusually strong. x2
Robin roars a battlecry!
The goblin goes into a battle-frenzy!
Robin throws the goblin at you!
The goblin hits you with a staff of cold.
The goblin barely misses you. The goblin closely misses you.
The goblin attacks as you move away! The goblin barely misses you.
The goblin shoots a sling bullet.
The sling bullet hits you.
* * * LOW HITPOINT WARNING * * *
The goblin no longer looks unusually strong.
The goblin attacks as you move away! The goblin hits you but does no damage.
The frilled lizard hisses angrily.
You barely miss the frilled lizard. The frilled lizard misses you.
The goblin no longer looks unusually strong.
Robin roars a battlecry!
The goblins go into a battle-frenzy!
The goblin closely misses you. The frilled lizard barely misses you.
The frilled lizard attacks as you move away!
The frilled lizard barely misses you.
The goblin no longer looks unusually strong. x2
The goblin attacks as you move away! The goblin hits you with a +0 club.
* * * LOW HITPOINT WARNING * * *
The goblin attacks as you move away! The goblin misses you.
The goblin no longer looks unusually strong.
The frilled lizard barely misses you.
Robin roars a battlecry!
The goblins go into a battle-frenzy!
The goblin attacks as you move away! The goblin closely misses you.
The goblin attacks as you move away! The goblin misses you.
The hobgoblin shouts!
The goblin no longer looks unusually strong.
Robin throws the goblin at you!
* * * LOW HITPOINT WARNING * * *
The hobgoblin hits you.
You die...

##### #......... ##
###..........#... ..
###................
#.##...#............#
#...)...........#.### ####
#<.g...............
.....##@g#............#
.......g..........(...##
#.######.l...............
##.#####.g#..#.##.#####.g.
..........ggg..##.####....
.............####.#.....#.
..........g#.####.#.##.##.
..........g.g.......##.#..
#........g.........##...#


You could see Robin, a hobgoblin, 8 goblins and a frilled lizard.

Vanquished Creatures
  2 worms (D:1)
  A dart slug (D:2)
  5 bats
  2 endoplasms (D:1)
  A giant cockroach (D:2)
  8 goblins
  5 hobgoblins
  3 jackals (D:1)
  4 ball pythons (D:1)
  2 frilled lizards
  4 rats
37 creatures vanquished.

Notes
Turn   | Place    | Note
-------+----------+-------------------------------------------
     0 | D:1      | crusatyr the Demonspawn Monk began the quest for the Orb.
     0 | D:1      | Reached XP level 1. HP: 18/18 MP: 1/1
   288 | D:1      | Discovered your monstrous ancestry.
   288 | D:1      | Gained mutation: You have large cloven feet. [demonic
                  | ancestry]
   288 | D:1      | Reached XP level 2. HP: 19/24 MP: 2/2
   688 | D:1      | Found Sudd's Antique Weapon Boutique.
  1120 | D:2      | Gained mutation: Spells you cast may paralyse adjacent
                  | enemies. [demonic ancestry]
  1120 | D:2      | Reached XP level 3. HP: 27/29 MP: 3/3
  1256 | D:1      | Reached skill level 1 in Short Blades
  1297 | D:2      | Noticed Robin
  1634 | D:2      | Slain by a hobgoblin

Illustrated notes

Levels and vault maps discovered:
D:1:      dpeg_arrival_rooms_with_view, layout_loops_ring, serial_shops,
          nicolae_shop_overgrown_old_shop, minmay_misc_feat_doors,
          minmay_misc_feat_enclosed, dk_noncrumbling_2
D:2:      layout_rooms, shapermc_ecumenical_altar_hornbeckon, uniq_robin

Skill      XL: |  1  2  3 |
---------------+----------+-----
Maces & Flails | 3 |  3.7
Short Blades   | 1 |  1.5
Fighting       | |  3.0
Dodging        | |  2.6
Stealth        | |  1.7

Action                   || total
-------------------------++-------
Melee: Mace              ||    36
       Whip              ||     9
       Dagger            ||    66
       Kick              ||    28
       Punch             ||     1
 Stab: Sleeping          ||     5
Armor: Robe              ||    30
Dodge: Dodged            ||    99

Table legend: (Time is in decaauts)
 A = Elapsed time spent in this place.
 B = Non-inter-level travel time spent in this place.
 C = Inter-level travel time spent in this place.
 D = Time resting spent in this place.
 E = Time spent auto-exploring this place.
 F = Levels seen in this place.
 G = Mean time per level.
                   A        B        C        D        E       F      G
               +--------+--------+--------+--------+--------+-----+--------+
         Total |   1640 |   1525 |    115 |    309 |    831 |   2 |  820.0 |
       Dungeon |   1640 |   1525 |    115 |    309 |    831 |   2 |  820.0 |
               +--------+--------+--------+--------+--------+-----+--------+

Top non-repeatable levels by time:
     D:1: 1330 daAuts
     D:2: 309 daAuts
